AoeStats
← 念

Black Forest

509056306Analyzed
4v4 RM · 7d ago on Sep 25, 2026· 65m 5s· 8 players
Game mode
Random Map
Map size
Large (8 player)
Population
200
Speed
Normal
Resources
Standard
Victory
Conquest
Starting age
Dark Age
Ending age
Imperial Age
RankedLock teamsTeams togetherTeam positionsShared explorationLock speedFull tech treeHidden civsTurbo modeCheats
Victory
Defeat
🇨🇳 Vietnamese · China
1279
+10
🇨🇳 Celts · China
1209
+13
🇹🇼 Italians · Taiwan
1175
+14
🇨🇳 Mongols · China
1117
+18
🇦🇺 Khmer · Australia
1159
-14
🇦🇷 Britons · Argentina
1148
-14
🇲🇽 Tatars · Mexico
1144
-14
🇲🇽 Spanish · Mexico
1124
-13
念
12:50 Feudal Age
13:09 Loom
17:55 Castle Age
混元霹靂手
0:32 Loom
14:22 Feudal Age
15:19 Double-Bit Axe
19:28 Castle Age
20:24 Stone Mining
21:25 Elite Skirmisher
22:34 Fletching
31:56 Padded Archer Armor
35:40 Bodkin Arrow
36:47 Leather Archer Armor
38:11 Wheelbarrow
38:55 Thumb Ring
42:25 Ballistics
43:55 Horse Collar
44:07 Gold Mining
44:29 Bow Saw
46:55 Imperial Age
45:47 Fortified Wall
45:18 Treadmill Crane
46:26 Hand Cart
50:14 Chemistry
52:47 Squires
52:33 Arson
53:17 Heavy Plow
54:20 Two-Man Saw
55:17 Forging
55:07 Scale Mail Armor
54:42 Imperial Skirmisher
55:30 Bracer
56:00 Ring Archer Armor
55:37 Onager
56:44 Caravan
57:25 Iron Casting
57:05 Chain Mail Armor
59:03 Crop Rotation
61:39 Blast Furnace
61:10 Plate Mail Armor
61:39 Silk Road
62:00 Coinage
61:40 Guilds
65:22 Fervor
尘
12:02 Feudal Age
12:32 Double-Bit Axe
16:25 Castle Age
21:58 Wheelbarrow
22:33 Horse Collar
23:06 Bow Saw
24:00 Stone Mining
28:00 Hand Cart
27:44 Gold Mining
28:30 Stone Shaft Mining
30:21 Gold Shaft Mining
30:23 Heavy Plow
34:27 Imperial Age
31:52 Light Cavalry
32:30 Town Watch
33:23 Husbandry
33:33 Bloodlines
33:26 Fletching
33:36 Padded Archer Armor
35:14 Thumb Ring
35:30 Conscription
35:02 Elite Mangudai
35:43 Bodkin Arrow
36:00 Forging
35:55 Scale Barding Armor
37:50 Parthian Tactics
37:26 Bracer
37:33 Scale Barding Armor
37:45 Leather Archer Armor
37:59 Hussar
42:04 Iron Casting
41:50 Chain Barding Armor
44:05 Ballistics
46:47 Chemistry
50:08 Siege Engineers
50:15 Masonry
50:01 Capped Ram
58:13 Siege Ram
59:20 Drill
60:35 Caravan
65:08 Murder Holes
_OMO_
0:28 Loom
11:47 Feudal Age
14:58 Double-Bit Axe
14:59 Man-at-Arms
19:18 Wheelbarrow
18:36 Arson
23:29 Fletching
25:42 Castle Age
24:55 Padded Archer Armor
25:59 Gold Mining
humbertoliva
0:27 Loom
12:21 Feudal Age
16:53 Castle Age
29:02 Horse Collar
29:09 Double-Bit Axe
33:35 Gold Mining
33:48 Heavy Plow
34:01 Bow Saw
34:41 Wheelbarrow
37:54 Imperial Age
35:16 Fishing Lines
36:13 Hand Cart
36:50 Pikeman
38:28 Gillnets
39:43 Chemistry
38:32 Halberdier
39:13 Squires
40:19 Two-Man Saw
44:16 Forging
44:07 Scale Mail Armor
46:17 Iron Casting
45:48 Scale Barding Armor
46:01 Chain Mail Armor
46:32 Elite Skirmisher
53:04 Blast Furnace
52:35 Plate Mail Armor
54:48 Fletching
56:37 Scale Barding Armor
56:32 Padded Archer Armor
56:28 Bodkin Arrow
Gonnar
8:27 Loom
10:35 Feudal Age
16:54 Castle Age
15:06 Double-Bit Axe
16:51 Fishing Lines
18:12 Gillnets
18:41 Bow Saw
21:19 Wheelbarrow
26:52 Horse Collar
30:44 Imperial Age
29:04 Treadmill Crane
29:15 Heated Shot
29:49 Ballistics
29:28 Fletching
29:38 Padded Archer Armor
30:01 Gold Mining
30:02 Stone Mining
30:18 Heavy Plow
31:13 Hand Cart
31:09 Bodkin Arrow
31:29 Leather Archer Armor
32:35 Gold Shaft Mining
32:39 Crop Rotation
31:49 Heavy Cavalry Archer
33:37 Timurid Siegecraft
34:37 Silk Armor
35:16 Conscription
35:17 Caravan
36:42 Siege Engineers
37:39 Chemistry
36:42 Bracer
37:12 Ring Archer Armor
36:54 Town Watch
37:42 Husbandry
37:53 Bloodlines
45:20 Light Cavalry
46:16 Forging
46:11 Scale Barding Armor
47:07 Guilds
46:27 Hussar
55:23 Chain Barding Armor
55:38 Iron Casting
57:00 Onager
altrnate15
6:18 Loom
8:33 Feudal Age
9:04 Double-Bit Axe
12:59 Horse Collar
17:59 Town Watch
21:42 Forging
24:53 Castle Age
22:44 Gold Mining
23:33 Scale Barding Armor
25:04 Bloodlines
24:57 Light Cavalry
26:13 Heavy Plow
26:23 Bow Saw
36:31 Imperial Age
35:21 Stone Mining
36:06 Gold Shaft Mining
36:35 Onager
38:48 Wheelbarrow
not.matiasz
7:29 Loom
11:37 Feudal Age
16:07 Castle Age
15:14 Double-Bit Axe
15:12 Horse Collar
23:59 Wheelbarrow
23:14 Town Watch
28:25 Imperial Age
26:22 Padded Archer Armor
29:31 Ballistics
29:21 Siege Engineers
29:10 Fletching
31:07 Chemistry
31:30 Onager
41:26 Hand Cart
42:03 Heavy Plow
42:09 Town Patrol
42:49 Masonry
Connection lost

Rejoining the realm…

Still unreachable

The connection could not be restored.

Session expired

The server has moved on; the page needs a fresh start.